 Dungeon Sprint DCSS version 0.17-a0-1197-g2d00c63 (webtiles) character file.

1192 Kidiri the Covert (level 8, -8/45 HPs)
             Began as a Spriggan Assassin on June 2, 2015.
             Was an Initiate of Dithmenos.
             Mangled by a deep troll (11 damage)
             ... in the Dungeon (Sprint I: "Red Sonja").
             The game lasted 00:03:48 (528 turns).

Kidiri the Covert (Spriggan Assassin)                Turns: 528, Time: 00:03:50

Health: -8/45      AC:  3    Str:  7    XL:     8   Next: 20%
Magic:  11/11      EV: 28    Int: 13    God:    Dithmenos [......]
Gold:   223        SH:  0    Dex: 19    Spells: 1 memorised, 6 levels left

rFire  . . .     SeeInvis +     b - +0 blowgun
rCold  . . .     Clarity  .     c - +0 robe
rNeg   . . .     SustAt   .     (shield restricted)
rPois  .         Gourm    .     (helmet restricted)
rElec  .         Spirit   .     d - +0 cloak
rCorr  .         Warding  .     (gloves unavailable)
rMut   .         NoTele   +     (boots unavailable)
MR     +....                    (no amulet)
Stlth  ++++++....               (no ring)
                                (no ring)

@: very quick, somewhat resistant to hostile enchantments, very stealthy
A: unfitting armour, see invisible, herbivore 3, speed 3, slow metabolism 2
a: Renounce Religion


You were in the Dungeon.
You worshipped Dithmenos.
Dithmenos was noncommittal.
You were not hungry.

You visited 1 branch You collected 523 gold pieces.
You spent 300 gold pieces at shops.

Inventory:

Hand weapons
 a - a +2 dagger
 b - a +0 blowgun (weapon)
 r - a +0 dagger of distortion
Missiles
 e - 4 poisoned needles (quivered)
 f - 7 curare-tipped needles
Armour
 c - a +0 robe (worn)
 d - a +0 cloak (worn)
Magical devices
 n - a wand of random effects (36)
 q - a wand of digging (19)
Scrolls
 m - a scroll of blinking
 p - a scroll of amnesia {unknown}
Potions
 h - a potion of curing
 i - a potion of heal wounds
 j - a potion of haste
 k - 2 potions of magic
 l - a potion of berserk rage
 o - a potion of invisibility {unknown}
Books
 s - a book of Maledictions

   Spells                             Type                      Level
   a - Corona                         Hexes                        1
   b - Ensorcelled Hibernation        Hexes/Ice                    2
   c - Confuse                        Hexes                        3
   d - Tukima's Dance                 Hexes                        3
   e - Dazzling Spray                 Conjuration/Hexes            3
Comestibles
 g - a bread ration


   Skills:
 * Level 6.9 Fighting
 * Level 8.7 Short Blades
 * Level 9.1 Throwing
 * Level 11.3 Dodging
 * Level 13.2 Stealth
 + Level 0.0 Spellcasting
 + Level 0.0 Hexes
 + Level 2.9 Invocations


You had 6 spell levels left.
You knew the following spells:

 Your Spells              Type           Power        Failure   Level  Hunger
a - Corona                Hex            #......      30%         1    ##.....


Dungeon Overview and Level Annotations

Branches:
Dungeon (1/1)

Altars:
Cheibriados
Dithmenos
Elyvilon
Fedhas
Gozag
Kikubaaqudgha
Makhleb
Nemelex Xobeh
Okawaru
Qazlal
Ru
Sif Muna
Trog
Vehumet
Xom
Yredelemnul
Zin
The Shining One
Jiyva

Shops:
D :(


Innate Abilities, Weirdness & Mutations

You are tiny and cannot use many weapons and most armour.
You have supernaturally acute eyesight.
You are a herbivore.
You cover ground extremely quickly.
You need consume almost no food.


Message History

Aim: a deep troll (lightly wounded, poisoned)
You shoot a poisoned needle.
The poisoned needle barely misses the deep troll.
Firing (i - inventory. (,) - cycle):
e - 6 poisoned needles (quivered)
Press: ? - help, Shift-Dir - straight line, f/p - deep troll
Aim: a deep troll (lightly wounded, poisoned)
You shoot a poisoned needle.
The poisoned needle hits the deep troll!
The deep troll looks even sicker.
The deep troll is lightly wounded.
Firing (i - inventory. (,) - cycle):
e - 5 poisoned needles (quivered)
Press: ? - help, Shift-Dir - straight line, f/p - deep troll
Aim: a deep troll (lightly wounded, poisoned)
You shoot a poisoned needle.
The poisoned needle hits the deep troll!
The deep troll is lightly wounded.
The deep troll bites you.
* * * LOW HITPOINT WARNING * * *
The deep troll completely misses you. The deep troll claws you!
You die...

######################
#<.#..'..#.)'..#__#..+
#..'..#.)'..#..'..'..#
#).#####'#####'#__####
#..####..#...#.####
#..#__####..##.#
#..#_..__##'#@.+
#⌠⌠#_.∩...'.T._#
####_..._##_.#'#
#_____###'#)#
############(####+###
#∩........'...'($.$$+
###++++####.)(#######
##.## #+#


You could see a deep troll.

Vanquished Creatures
  Sonja (D)
  A slime creature (D)
  Sigmund (D)
  A yak (D)
  An ogre (D)
  A jelly (D)
  Ijyb (D)
7 creatures vanquished.

Vanquished Creatures (others)
  A gargoyle (D)
1 creature vanquished.

Grand Total: 8 creatures vanquished

Notes
Turn   | Place    | Note
--------------------------------------------------------------
     0 | D        | Kidiri the Spriggan Assassin began the quest for the Orb.
     0 | D        | Reached XP level 1. HP: 10/10 MP: 2/2
     3 | D        | Noticed Ijyb
    43 | D        | Killed Ijyb
    43 | D        | Reached skill level 7 in Stealth
    43 | D        | Reached XP level 2. HP: 2/16 MP: 3/3
   186 | D        | Killed a gargoyle
   330 | D        | Noticed an ogre
   333 | D        | Killed an ogre
   333 | D        | Reached skill level 5 in Throwing
   333 | D        | Reached skill level 5 in Dodging
   333 | D        | Reached skill level 8 in Stealth
   333 | D        | Reached XP level 3. HP: 20/20 MP: 4/4
   333 | D        | Reached XP level 4. HP: 25/25 MP: 5/5
   344 | D        | Noticed Sigmund
   347 | D        | Killed Sigmund
   347 | D        | Reached skill level 5 in Short Blades
   347 | D        | Reached skill level 10 in Stealth
   347 | D        | Reached XP level 5. HP: 28/30 MP: 6/6
   370 | D        | Found a deep blue altar of Sif Muna.
   371 | D        | Noticed a jelly
   372 | D        | Found a radiant altar of Vehumet.
   376 | D        | Killed a jelly
   376 | D        | Reached skill level 5 in Fighting
   376 | D        | Reached XP level 6. HP: 35/35 MP: 7/7
   388 | D        | Found a snail-covered altar of Cheibriados.
   388 | D        | Found a viscous altar of Jiyva.
   388 | D        | Found a shadowy altar of Dithmenos.
   388 | D        | Found a blossoming altar of Fedhas.
   388 | D        | Noticed a slime creature
   391 | D        | Killed a slime creature
   391 | D        | Reached skill level 11 in Stealth
   393 | D        | Became a worshipper of Dithmenos the Shadowed
   442 | D        | Found Caegaa's Antique Weapon Emporium.
   442 | D        | Found a white marble altar of Elyvilon.
   442 | D        | Found a stormy altar of Qazlal.
   442 | D        | Found a burning altar of Makhleb.
   442 | D        | Found a sacrificial altar of Ru.
   442 | D        | Found a basalt altar of Yredelemnul.
   442 | D        | Found a glowing golden altar of the Shining One.
   442 | D        | Found a sparkling altar of Nemelex Xobeh.
   442 | D        | Found a shimmering altar of Xom.
   442 | D        | Found an opulent altar of Gozag.
   442 | D        | Found an ancient bone altar of Kikubaaqudgha.
   442 | D        | Found a glowing silver altar of Zin.
   442 | D        | Noticed a yak
   443 | D        | Found an iron altar of Okawaru.
   444 | D        | Killed a yak
   444 | D        | Reached skill level 10 in Dodging
   444 | D        | Reached skill level 12 in Stealth
   444 | D        | Reached skill level 1 in Invocations
   444 | D        | Reached XP level 7. HP: 40/40 MP: 8/8
   445 | D        | Found a bloodstained altar of Trog.
   456 | D        | Noticed Sonja
   460 | D        | Killed Sonja
   460 | D        | Reached skill level 13 in Stealth
   460 | D        | Reached XP level 8. HP: 43/45 MP: 8/11
   483 | D        | Found Gipeymu's Book Boutique.
   491 | D        | Bought a book of Maledictions for 300 gold pieces
   493 | D        | Learned a level 1 spell: Corona
   505 | D        | Noticed a deep troll
   528 | D        | Mangled by a deep troll

Vault maps used:
D:        dungeon_sprint_1

Action                   |  1- 3 |  4- 6 |  7- 9 || total
-------------------------+-------+-------+-------++-------
Melee: Dagger            |     1 |     4 |     9 ||    14
 Fire: Blowgun           |    10 |       |     4 ||    14
 Stab: Sleeping          |     1 |     4 |     1 ||     6
